 Dungeon Crawl Stone Soup version 0.26-a0-818-g75db068ed4 (webtiles) character file.

Game seed: 11953911392500853381

65 marklar909 the Insei (level 3, -9/28 HPs)
             Began as a Draconian Transmuter on Nov 14, 2020.
             Killed by divine providence
             ... invoked by an orc priest
              (16 damage)
             ... on level 3 of the Dungeon.
             The game lasted 00:01:23 (2014 turns).

marklar909 the Insei (Draconian Transmuter)         Turns: 2014, Time: 00:01:24

Health: -9/28      AC:  6    Str: 12    XL:     3   Next: 92%
Magic:  4/6        EV: 12    Int: 13    God:
Gold:   122        SH:  0    Dex: 12    Spells: 4/7 levels left

rFire    . . .     SeeInvis .     - Unarmed
rCold    . . .     Faith    .   (no shield)
rNeg     . . .     Spirit   .   (armour unavailable)
rPois    .         Reflect  .   (helmet restricted)
rElec    .         Harm     .   (no cloak)
rCorr    .         Rampage  .   f - +0 pair of gloves
MR       .....                  (no boots)
Stlth    +.........             (no amulet)
HPRegen  0.09/turn              (no ring)
MPRegen  0.10/turn              (no ring)

@: wereblooded (expiring), very slightly contaminated
A: unfitting armour, cold-blooded, AC +5
a: no special abilities


You were on level 3 of the Dungeon.
You visited 1 branch of the dungeon, and saw 3 of its levels.

You collected 122 gold pieces.

Inventory:

Missiles
 b - 10 poisoned darts (quivered)
Armour
 f - a +0 pair of gloves (worn)
Scrolls
 a - a scroll of fear {unknown}
 c - a scroll of amnesia {unknown}
 d - a scroll of blinking {unknown}
 h - a scroll of teleportation {unknown}
 j - a scroll of identify {unknown}
 k - a scroll of noise {unknown}
Potions
 e - 2 potions of haste {unknown}
 g - a potion of magic {unknown}
 i - a potion of mutation {unknown}


   Skills:
 + Level 1.2 Fighting
 + Level 2.3 Dodging
 + Level 3.6 Unarmed Combat
 + Level 2.6 Spellcasting
 + Level 2.5 Transmutations


You had 4 spell levels left.
You knew the following spells:

 Your Spells              Type           Power        Failure   Level
a - Beastly Appendage     Tmut           #.....       9%          1
b - Wereblood             Tmut           #.......     13%         2

Your spell library contained the following spells:

 Spells                   Type           Power        Failure   Level
 Spider Form              Tmut/Pois      #.........   38%         3
 Ice Form                 Ice/Tmut       #.......     80%         4
 Blade Hands              Tmut           #.........   93%         5


Dungeon Overview and Level Annotations

Branches:
Dungeon (3/15)

Altars:


Innate Abilities, Weirdness & Mutations

Your plain brown scales are hard. (AC +5)
You cannot fit into any form of body armour.
You are cold-blooded and may be slowed by cold attacks.


Message History

You miscast Beastly Appendage.
You are very lightly contaminated with residual magic.
Nothing appears to happen.
The orc barely misses you. x2
You closely miss the orc. The orc barely misses you.
Unknown command.
You barely miss the orc.
Your primal bloodlust is almost over.
The orc closely misses you. The orc hits you but does no damage.
The orc priest calls down the wrath of Beogh upon you.
Beogh smites you!
Unknown command.
You hit the orc priest.
The orc priest is moderately wounded.
The orc hits you but does no damage. The orc closely misses you.
The orc priest hits you with a +0 short sword.
* * * LOW HITPOINT WARNING * * *
The orc priest invokes the aid of Beogh against you.
Beogh smites you!
Ouch! That really hurt!
You die...

#.# #.##.##.# #.#
#.....# #.......#
#.# #.....#
####.####
###.....####......#
.#...............#.#
#...........#.##.#.#
#...........#....#.#
<.....o.....#..#.#.#
......o@)..††......#
.....oSo...###.#####
...........# #.#
...........# #.#
.#.............#
#.#.##.#.###### #.#.
....# # ##...###


You could see 2 orc priests, 2 orcs and a ball python.

Vanquished Creatures
  3 adders (D:3)
  An ooze (D:1)
  A worm (D:3)
  A dart slug (D:1)
  An orc (D:3)
  2 giant cockroaches (D:1)
  3 goblins (D:1)
  4 hobgoblins
  6 kobolds (D:1)
  4 frilled lizards (D:1)
  3 rats (D:1)
29 creatures vanquished.

Vanquished Creatures (others)
  4 toadstools (D:1)
4 creatures vanquished.

Grand Total: 33 creatures vanquished

Notes
Turn   | Place    | Note
-------+----------+-------------------------------------------
     0 | D:1      | marklar909 the Draconian Transmuter began the quest for the
                  | Orb.
     0 | D:1      | Reached XP level 1. HP: 16/16 MP: 3/3
   465 | D:1      | Reached XP level 2. HP: 23/23 MP: 3/5
   559 | D:1      | Learned a level 2 spell: Wereblood
  1431 | D:1      | Reached XP level 3. HP: 28/28 MP: 2/6
  1572 | D:2      | You fall into a shaft and drop 1 floor!
  2014 | D:3      | Killed from afar by an orc priest

Illustrated notes

Levels and vault maps discovered:
D:1:      ldierk_walled_garden_2, layout_loops_corners
D:2:      layout_basic, lemuel_blue_sif_altar, uniq_robin, uniq_natasha
D:3:      layout_loops_cross, lemuel_coloured_pillars_altar, okawaru_trees_2,
          cheibrodos_sewer_entry_bend, minmay_statues_item, bloody_makhleb

Skill      XL: |  1 |
---------------+----+-----
Dodging        | 2 |  2.3
Fighting       | |  1.2
Unarmed Combat | |  3.6
Spellcasting   | |  2.6
Transmutations | |  2.5

Action                   || total
-------------------------++-------
Melee: Unarmed           ||    91
       Kick              ||    12
       Headbutt          ||     8
       Tailslap          ||     7
       Punch             ||     2
 Cast: Beastly Appendage ||    16
       Wereblood         ||     6
Armor: Skin              ||    29
Dodge: Dodged            ||    55

Table legend: (Time is in decaauts)
 A = Elapsed time spent in this place.
 B = Non-inter-level travel time spent in this place.
 C = Inter-level travel time spent in this place.
 D = Time resting spent in this place.
 E = Time spent auto-exploring this place.
 F = Levels seen in this place.
 G = Mean time per level.
                   A        B        C        D        E       F      G
               +--------+--------+--------+--------+--------+-----+--------+
         Total |   2012 |   1990 |     22 |      7 |   1748 |   3 |  670.7 |
       Dungeon |   2012 |   1990 |     22 |      7 |   1748 |   3 |  670.7 |
               +--------+--------+--------+--------+--------+-----+--------+

Top non-repeatable levels by time:
     D:1: 1555 daAuts
     D:3: 438 daAuts
     D:2: 19 daAuts
